 Dungeon Crawl Stone Soup version 0.18-a0-1683-gf9322e6 (webtiles) character file.

88 Ratboiler the Skirmisher (level 4, -2/42 HPs)
             Began as a Draconian Wanderer on Apr 3, 2016.
             Was an Initiate of Cheibriados.
             Slain by a worm (6 damage)
             ... on level 3 of the Dungeon.
             The game lasted 00:03:21 (1714 turns).

Ratboiler the Skirmisher (Draconian Wanderer)       Turns: 1714, Time: 00:03:22

Health: -2/42      AC:  5    Str: 15    XL:     4   Next: 29%
Magic:  4/4        EV: 11    Int: 12    God:    Cheibriados [......]
Gold:   61         SH:  0    Dex: 14    Spells: 0 memorised, 3 levels left

rFire  . . .     SeeInvis .     a - +0 mace
rCold  . . .     Gourm    .     (armour unavailable)
rNeg   . . .     Faith    .     (no shield)
rPois  .         Spirit   .     (helmet restricted)
rElec  .         Dismiss  .     (no cloak)
rCorr  .         Reflect  .     (no gloves)
SustAt .         Harm     .     (no boots)
MR     .....     Rnd*Tele +     (no amulet)
Stlth  ++........               (no ring)
                                e - ring of teleportation (curse)

@: very slow, not resistant to hostile enchantments, unstealthy
A: unfitting armour, cold-blooded, AC +5
a: Bend Time, Renounce Religion


You were on level 3 of the Dungeon.
You worshipped Cheibriados.
Cheibriados was noncommittal.
You were not hungry.

You visited 1 branch of the dungeon, and saw 3 of its levels.

You collected 61 gold pieces.

Inventory:

Hand Weapons
 a - a +0 mace (weapon)
 d - a +0 club
Jewellery
 e - a cursed ring of teleportation (left hand)
Scrolls
 c - 2 scrolls of teleportation
Potions
 b - 3 potions of curing
 g - 2 potions of heal wounds
 i - a potion of ambrosia
 l - a potion of berserk rage
Comestibles
 f - 2 bread rations
 h - a slice of pizza
 k - 2 beef jerkies


   Skills:
 - Level 5.4 Fighting
   Level 1.0 Long Blades
 + Level 4.0 Maces & Flails
 - Level 1.0 Throwing
 - Level 1.0 Stealth
   Level 1.0 Shields
 - Level 1.0 Unarmed Combat


You had 3 spell levels left.
You didn't know any spells.

Dungeon Overview and Level Annotations

Branches:
Dungeon (3/15)

Altars:
Cheibriados
Elyvilon
Yredelemnul

Annotations:
D:2 Sigmund
D:3 Terence


Innate Abilities, Weirdness & Mutations

Your plain brown scales are hard (AC +5).
Your body does not fit into most forms of armour.
You are cold-blooded and may be slowed by cold attacks.


Message History

The adder bites you but does no damage.
You thump the adder!
You kill the adder!
Cheibriados appreciates the change of pace.
Your Maces & Flails skill increases to level 4!
Terence hits you but does no damage. Terence closely misses you.
You hit Terence.
Terence is moderately wounded.
Terence barely misses you.
You hit Terence.
Terence is severely wounded.
Terence hits you but does no damage.
You sock Terence!
Terence is almost dead.
Terence hits you with a short sword.
* * * LOW HITPOINT WARNING * * *
You closely miss Terence.
Your tail-slap misses Terence.
Terence is almost dead.
Terence hits you but does no damage. The worm bites you.
You die...

#.# # #.# #. #.#
##. #.# #...
#.#######
###...####.......
...>........##w#
#......)<..r@@.#
#......†########
###...### #...
###


You could see Terence, a worm and a rat.

Vanquished Creatures
  3 adders
  4 worms (D:2)
  3 dart slugs
  A giant gecko (D:1)
  An orc (D:3)
  2 giant cockroaches
  3 goblins
  6 hobgoblins (D:1)
  4 jackals (D:2)
  A ball python (D:1)
  4 bats
  2 giant newts (D:1)
  2 kobolds (D:1)
  8 rats
44 creatures vanquished.

Notes
Turn   | Place    | Note
--------------------------------------------------------------
     0 | D:1      | Ratboiler the Draconian Wanderer began the quest for the Orb.
     0 | D:1      | Ratboiler set off with: 2 potions of heal wounds, a potion of curing, a scroll of teleportation, a +0 club, a bread ration
     0 | D:1      | Reached XP level 1. HP: 23/23 MP: 1/1
    15 | D:1      | Reached skill level 1 in Maces & Flails
   100 | D:1      | Reached XP level 2. HP: 21/29 MP: 2/2
   796 | D:1      | Reached XP level 3. HP: 36/36 MP: 3/3
   986 | D:2      | Found a snail-covered altar of Cheibriados.
   994 | D:2      | Became a worshipper of Cheibriados the Contemplative
  1405 | D:2      | Found a basalt altar of Yredelemnul.
  1537 | D:2      | Reached XP level 4. HP: 41/42 MP: 4/4
  1653 | D:2      | Found a white marble altar of Elyvilon.
  1654 | D:2      | Noticed Sigmund
  1689 | D:3      | Noticed Terence
  1714 | D:3      | Slain by a worm

Vault maps used:
D:1:      dpeg_arrival_windows_large_door
D:2:      kennysheep_ying_yang, cheibriados_altar_1, first_bread, uniq_sigmund
D:3:      uniq_terence, uniq_crazy_yiuf_cottage

Skill      XL: |  1  2  3  4 |
---------------+-------------+-----
Maces & Flails | 1 2 3 4 |  4.0
Fighting       | |  5.4
Long Blades    | |  1.0
Throwing       | |  1.0
Stealth        | |  1.0
Shields        | |  1.0
Unarmed Combat | |  1.0

Action                   |  1- 3 |  4- 6 || total
-------------------------+-------+-------++-------
Melee: Club              |    49 |       ||    49
       Mace              |    71 |    32 ||   103
  Use: Scroll            |     1 |     2 ||     3
 Stab: Sleeping          |     6 |       ||     6
  Eat: Chunk             |     2 |       ||     2
       Royal jelly       |       |     1 ||     1
